Map: [ESL] Alcyone

Players

ForJumY - Winner!

  • Race: Protoss Protoss
  • League: Grandmaster
  • Spawn Location: 7:00

BabyMarine

  • Race: Terran Terran
  • Spawn Location: 1:00

Event: HomeStory Cup XXIV

VOD

Have the link to the VOD?

Description

Time

  • Played on: Dec. 2, 2023, 8:14 a.m.
  • Length: 5:40

All games in this series

Show
View Real Time Build Order
Export as new Build Order

ForJumY Protoss - Winner!

Build Orders: Phoenix Opening 

Get SALT Encoding   

  12  0:00  Probe  
  13  0:12  Probe  
  14  0:16  Pylon  
  14  0:24  Probe (Chrono Boost)  
  15  0:34  Gateway  
  15  0:36  Probe (Chrono Boost)  
  16  0:45  Probe (Chrono Boost)  
  16  0:46  Assimilator  
  17  0:50  Probe  
  18  1:03  Probe  
  19  1:15  Probe  
  20  1:21  Cybernetics Core  
  20  1:22  Zealot  
  22  1:31  Pylon  
  22  1:46  Nexus  
  22  1:51  Probe  
  23  1:54  Adept (Chrono Boost)  
  23  2:00  Warp Gate  
  25  2:03  Probe  
  25  2:08  Assimilator  
  26  2:15  Probe  
  27  2:28  Probe  
  27  2:29  Adept  
  29  2:40  Probe  
  30  2:46  Stargate  
  30  2:52  Probe  
  31  2:59  Probe (Chrono Boost)  
  33  3:08  Probe (Chrono Boost)  
  33  3:11  Probe (Chrono Boost)  
  33  3:12  Gateway  
  34  3:18  Probe (Chrono Boost)  
  34  3:19  Probe (Chrono Boost), Adept  
  37  3:28  Probe  
  37  3:29  Phoenix (Chrono Boost)  
  37  3:30  Shield Battery  
  37  3:33  Probe  
  40  3:40  Probe  
  41  3:42  Pylon  
  41  3:45  Probe  
  42  3:51  Phoenix (Chrono Boost)  
  42  3:54  Robotics Facility  
  44  4:00  Stalker  
  45  4:06  Shield Battery  
  45  4:09  Stalker  
  47  4:14  Probe  
  48  4:17  Pylon  
  48  4:23  Zealot  
  50  4:31  Phoenix  
  52  4:35  Stalker  
  53  4:45  Zealot  
  55  4:49  Immortal (Chrono Boost)  
  55  4:50  Shield Battery  
  52  5:01  Stalker  
  52  5:04  Probe  
  52  5:05  Probe  
  46  5:10  Stalker  
  48  5:16  Probe  
  48  5:17  Probe  
  48  5:30  Zealot  
Show
View Real Time Build Order
Export as new Build Order

BabyMarine Terran 

Build Orders: 2 Factory 

Get SALT Encoding   

  12  0:00  SCV  
  13  0:13  SCV  
  14  0:18  Supply Depot  
  14  0:25  SCV  
  15  0:39  SCV  
  15  0:41  Barracks  
  16  0:45  Refinery  
  16  0:51  SCV  
  16  0:55  Refinery  
  17  1:03  SCV  
  18  1:15  SCV  
  19  1:28  Orbital Command, Reaper  
  20  1:43  Factory  
  20  1:45  Supply Depot  
  20  1:54  SCV  
  21  2:07  Factory  
  21  2:09  SCV  
  22  2:17  Barracks Reactor  
  22  2:21  SCV  
  23  2:30  Factory Reactor  
  23  2:33  SCV  
  23  2:47  Supply Depot  
  23  2:48  SCV  
  24  3:06  Cyclone x2  
  24  3:08  Cyclone x2  
  32  3:22  Supply Depot  
  31  3:38  Cyclone x2  
  35  3:44  Cyclone  
  37  3:54  Cyclone  
  39  4:10  Cyclone  
  39  4:17  Cyclone  
  39  4:31  Cyclone  
  33  4:40  Cyclone  
  29  4:53  Cyclone  
  29  5:06  Cyclone  
  29  5:10  Marine  
Tags
 
Add a new tag
Caveats
  • Supply blocks, unpowered buildings, or Contaminate may cause inaccurate times.
  • Supply counts are checked every 10 seconds.